 Dungeon Crawl Stone Soup version 0.25-a0-35-g747a2b3c0c (webtiles) character file.

Game seed: 14134644171342114357, levelgen mode: deterministic

45 Arixos the Skirmisher (level 3, 0/29 HPs)
             Began as a Demonspawn Monk on Oct 19, 2019.
             Slain by an adder (1 damage)
             ... on level 2 of the Dungeon.
             The game lasted 00:03:31 (1870 turns).

Arixos the Skirmisher (Demonspawn Monk)             Turns: 1870, Time: 00:03:32

Health: 0/29       AC:  3    Str: 12    XL:     3   Next: 42%
Magic:  3/3        EV: 13    Int: 11    God:
Gold:   67         SH:  0    Dex: 15    Spells: 2/2 levels left

rFire    . . .     SeeInvis .     - Unarmed
rCold    . . .     Gourm    .   (no shield)
rNeg     . . .     Faith    .   c - +0 leather armour
rPois    .         Spirit   .   (no helmet)
rElec    .         Reflect  .   (no cloak)
rCorr    .         Harm     .   (no gloves)
MR       .....                  (no boots)
Stlth    ++........             (no amulet)
HPRegen  0.09/turn              (no ring)
MPRegen  0.08/turn              (no ring)

@: lethally poisoned (0 -> -13)
A: rot immunity
a: no special abilities


You were on level 2 of the Dungeon.
You were not hungry.

You visited 1 branch of the dungeon, and saw 2 of its levels.

You collected 67 gold pieces.

Inventory:

Armour
 c - a +0 leather armour (worn)
Scrolls
 d - a scroll of enchant weapon {unknown}
 e - a scroll of identify {unknown}
 g - a scroll of teleportation {unknown}
Potions
 a - a potion of experience {unknown}
 f - a potion of invisibility {unknown}
 i - a potion of brilliance {unknown}
 j - a potion of curing {unknown}
Comestibles
 b - a ration
 h - 2 chunks of flesh


   Skills:
 + Level 3.5 Fighting
 + Level 1.4 Armour
 + Level 3.2 Dodging
 - Level 1.7 Stealth
 - Level 2.6 Unarmed Combat


You had 2 spell levels left.
You didn't know any spells.
Your spell library was empty.

Dungeon Overview and Level Annotations

Branches:
Dungeon (2/15)

Altars:


Innate Abilities, Weirdness & Mutations

You are immune to rotting.


Message History

You closely miss the adder.
The adder is heavily wounded.
The adder misses you.
You miss the adder.
The adder is heavily wounded.
The adder bites you.
You hit the adder.
The adder is severely wounded.
You feel sick. The adder bites you.
* * * LOW HITPOINT WARNING * * *
You are lethally poisoned!
The adder poisons you! The adder bites you.
* * * LOW HITPOINT WARNING * * *
You are more poisoned.
The adder poisons you!
You hit the adder but do no damage.
The adder is severely wounded.
* * * LOW HITPOINT WARNING * * *
You feel sick. The adder bites you.
You die...

#......# ###.###
#......# .# .......
##+##......####.# .
.......
................####..
.......
......................
.......
.....................#
##'##'#
#...................#
#....
#................#
#....
#....)(...@S.$....
#.....
#######....#######
#.....
#############....#
#.....
#..........##.#'####
#.....
.....................
......
...........##.#.#....
#.....
...........##.#.#.###
##....
.......รท...##.#.# #
#..... ...........##.#
#.....


You could see an adder.

Vanquished Creatures
  2 adders (D:2)
  A dart slug (D:1)
  A leopard gecko (D:1)
  3 goblins
  3 hobgoblins
  3 jackals (D:2)
  A bat (D:2)
  2 frilled lizards (D:1)
  5 kobolds
  5 rats
26 creatures vanquished.

Notes
Turn   | Place    | Note
-------+----------+-------------------------------------------
     0 | D:1      | Arixos the Demonspawn Monk began the quest for the Orb.
     0 | D:1      | Reached XP level 1. HP: 18/18 MP: 1/1
   185 | D:1      | Gained mutation: You are immune to rotting. [demonic
                  | ancestry]
   185 | D:1      | Reached XP level 2. HP: 22/24 MP: 2/2
   782 | D:2      | Reached skill level 1 in Armour
   906 | D:2      | Reached XP level 3. HP: 12/29 MP: 3/3
  1870 | D:2      | HP: 1/29 [poisoned by an adder]
  1870 | D:2      | Slain by an adder

Levels and vault maps discovered:
D:1:      dpeg_arrival_windows_large_door, layout_loops_cross
D:2:      layout_basic, patterned_corridor, uniq_crazy_yiuf_cottage

Skill      XL: |  1  2 |
---------------+-------+-----
Dodging        | 3 |  3.2
Armour         | 1 |  1.4
Fighting       | |  3.5
Stealth        | |  1.7
Unarmed Combat | |  2.6

Action                   || total
-------------------------++-------
Melee: Unarmed           ||   131
       Punch             ||     1
 Stab: Sleeping          ||     3
  Eat: Chunk             ||     3
Armor: Leather armour    ||    28
Dodge: Dodged            ||   103

Table legend:
 A = Non-vault XP
 B = Vault XP
 C = Vault XP percentage of total XP
 D = Non-vault monster count
 E = Vault monster count
 F = Vault count percentage of total count
                 A         B        C        D         E       F
            +---------+---------+-------+---------+---------+-------
      Total |      65 |       0 |   0.0 |      26 |       0 |   0.0
            +---------+---------+-------+---------+---------+-------
        D:1 |      20 |       0 |   0.0 |      12 |       0 |   0.0
        D:2 |      45 |       0 |   0.0 |      14 |       0 |   0.0
            +---------+---------+-------+---------+---------+-------
